 Dungeon Crawl Stone Soup version 0.31.0 (webtiles) character file.

Game seed: 16213784091403783206

56 qw the Shooter (level 3, -2/23 HPs)
             Began as a Gargoyle Hunter on Jan 19, 2024.
             Killed from afar by Natasha (5 damage)
             ... with a magic dart
             ... on level 2 of the Dungeon.
             The game lasted 00:00:04 (909 turns).

qw the Shooter (Gargoyle Hunter)                     Turns: 909, Time: 00:00:04

Health: -2/23      AC:  6    Str: 14    XL:     3   Next: 95%
Magic:  3/3        EV: 11    Int:  9    God:
Gold:   108        SH:  0    Dex: 15    Spells: 2/2 levels left

rFire   . . .        a - +0 shortbow
rCold   . . .        (shield currently unavailable)
rNeg    + . .        c - +0 leather armour
rPois   inf          (no helmet)
rElec   +            (no cloak)
rCorr   .            (no gloves)
SInv    .            (no boots)
Will    .....        (no amulet)
Stlth   ++           (no ring)
HPRegen 0.23/turn    (no ring)
MPRegen 0.08/turn

%: no passive effects
@: about to teleport
A: sickness immunity, AC +3, negative energy resistance 1, electricity
resistance, torment resistance 1, petrification resistance
a: no special abilities


You were on level 2 of the Dungeon.
You visited 1 branch of the dungeon, and saw 2 of its levels.

You collected 108 gold pieces.


Innate Abilities, Weirdness & Mutations

You are immune to sickness and miasma.
Your stone body is resilient. (AC +3)
You are immune to poison.
You resist negative energy. (rN+)
You are resistant to electric shocks. (rElec)
You are resistant to unholy torment.
You are immune to petrification.


   Skills:
 - Level 3.0 Fighting
 + Level 5.1 Ranged Weapons
 - Level 1.5 Dodging
 - Level 1.1 Stealth


You had 2 spell levels left.
You didn't know any spells.
Your spell library was empty.

Inventory:

Hand Weapons
 a - a +0 shortbow (weapon)
Armour
 c - a +0 leather armour (worn)
 k - a +0 cloak
Jewellery
 i - a ring of fire
Scrolls
 b - a scroll of enchant armour {unknown}
 g - a scroll of teleportation
 j - 2 scrolls of identify {unknown}
 l - a scroll of immolation {unknown}
Potions
 d - 5 potions of curing {unknown}
 e - a potion of degeneration {unknown}
 f - 2 potions of might {unknown}
 h - a potion of heal wounds {unknown}

Dungeon Overview and Level Annotations

Branches:
Dungeon (2/15)

Altars:
Wu Jian

Annotations:
D:2 Natasha


Message History

Natasha misses you.
The cerulean imp hits you from afar with a +0 spear.
Natasha barely misses you. The cerulean imp barely misses you.
You shoot an arrow. The arrow barely misses Natasha.
The arrow closely misses the cerulean imp.
Natasha claws you but does no damage.
The cerulean imp hits you but does no damage.
Natasha claws you. The cerulean imp misses you.
You shoot an arrow. The arrow closely misses Natasha.
The arrow hits the cerulean imp but does no damage.
The cerulean imp is moderately wounded.
Natasha barely misses you.
The cerulean imp hits you but does no damage.
Natasha claws you.
You shoot an arrow. The arrow barely misses Natasha.
The arrow barely misses the cerulean imp.
The cerulean imp closely misses you. Natasha claws you but does no damage.
The cerulean imp misses you.
You shoot an arrow.
The arrow hits Natasha but does no damage.
Natasha is heavily wounded.
Natasha misses you.
The cerulean imp hits you but does no damage.
Natasha claws you but does no damage. The cerulean imp misses you.
You shoot an arrow. The arrow closely misses Natasha.
The arrow closely misses the cerulean imp.
Natasha stares at you and mumbles some strange words.
The magic dart hits you.
The cerulean imp hits you but does no damage.
Natasha claws you but does no damage. The cerulean imp closely misses you.
909 ||| READING 2 scrolls of teleportation.
As you read the scroll of teleportation, it crumbles to dust.
You feel strangely unstable.
You feel yourself speed up.
Natasha growls.
Natasha misses you. The cerulean imp completely misses you.
Natasha casts a spell at you. The magic dart hits you.
You die...
Natasha curls up and begins to purr.

#.#######..% ......
#.#.......#. ......
#.#......... ......###
#:#.........
....>...#####.........##
......#.............#.
...5......###.......
#.h......#.....#...
#.@................
###....).)#####...#..
#........######...#..
.$.........##.......#..
....#..............#....
...#..#.#.......####..##
####..#.#.......# #..#
....<%..##....## #..#
####.#..##.....###..##


You could see Natasha and a cerulean imp (summoned).

Vanquished Creatures
  An adder (D:2)
  A dart slug (D:1)
  2 endoplasms (D:1)
  5 goblins
  7 hobgoblins
  2 jackals (D:1)
  3 quokkas
  4 ball pythons
  5 bats
  A frilled lizard (D:1)
  7 kobolds
  2 rats
40 creatures vanquished.

Notes
Turn   | Place    | Note
-------+----------+-------------------------------------------
     0 | D:1      | qw the Gargoyle Hunter began the quest for the Orb.
     0 | D:1      | Reached XP level 1. HP: 12/12 MP: 1/1
     0 | D:1      | 0 ||| qw: Version: 0.3-a-132-g3d54051
     0 | D:1      | 0 ||| qw: Game counter: 368
     0 | D:1      | 0 ||| qw: Melee chars always use a shield: true
     0 | D:1      | 0 ||| qw: God list: Okawaru
     0 | D:1      | 0 ||| qw: Allow faded altars: false
     0 | D:1      | 0 ||| qw: Do Orc after clearing Dungeon:15 true
     0 | D:1      | 0 ||| qw: Do second Lair branch before Depths: true
     0 | D:1      | 0 ||| qw: Lair rune preference: random
     0 | D:1      | 0 ||| qw: Goals: Normal
     0 | D:1      | 0 ||| PLANNING D:1-11
    28 | D:1      | Found an ornate altar of the Wu Jian Council.
    99 | D:1      | Reached XP level 2. HP: 17/17 MP: 2/2
   310 | D:1      | Reached XP level 3. HP: 21/21 MP: 3/3
   414 | D:1      | Reached skill level 5 in Ranged Weapons
   507 | D:1      | 507 ||| READING scroll labelled DUX HUSMUTITWA.
   508 | D:1      | 508 ||| READING 2 scrolls labelled ZAEKED EHAS.
   526 | D:1      | 526 ||| DROPPING scroll of butterflies.
   599 | D:2      | 599 ||| FLEEEEING.
   681 | D:2      | Reached skill level 3 in Fighting
   896 | D:2      | Noticed Natasha
   908 | D:2      | HP: 3/23 [Natasha/magic dart (4)]
   909 | D:2      | 909 ||| READING 2 scrolls of teleportation.
   909 | D:2      | Killed from afar by Natasha

Levels and vault maps discovered:
D:1:      dpeg_arrival_lava_altar, layout_rooms
D:2:      layout_rooms, grunt_decor_mini_mirrors, uniq_natasha

Skill      XL: |  1  2  3 |
---------------+----------+-----
Ranged Weapons | 5 |  5.1
Fighting       | 3 |  3.0
Dodging        | |  1.5
Stealth        | |  1.1

Action                     || total
---------------------------++-------
   Fire: Shortbow          ||   119
    Use: Scroll            ||     3
 Armour: Leather armour    ||    30
  Dodge: Dodged            ||    27

Table legend:
 A = Non-vault XP
 B = Vault XP
 C = Vault XP percentage of total XP
 D = Non-vault monster count
 E = Vault monster count
 F = Vault count percentage of total count
                 A         B        C        D         E       F
            +---------+---------+-------+---------+---------+-------
      Total |      80 |       0 |   0.0 |      40 |       0 |   0.0
            +---------+---------+-------+---------+---------+-------
        D:1 |      42 |       0 |   0.0 |      24 |       0 |   0.0
        D:2 |      38 |       0 |   0.0 |      16 |       0 |   0.0
            +---------+---------+-------+---------+---------+-------
